cohdb
Replays
Latest Replays
All Replays
Popular Replays
Top Player Replays
Match Explorer
How It Works
Community
CoH3 Stats
Reddit
Sign in to upload your games and track your stats! →
Sign in with Steam
Match 39782578
Unlisted
Match 39782578
Overview
Messages
Build Orders
End
Construct Weapon Support Center
Engineer Squad
M1919 Machine Gun Team
Bazooka Squad
M1919 Machine Gun Team
Selects Heavy Weapons
Selects Heavy Weapons
Air Support Center
.30 cal Machine Gun
Selects Assault Carriers
M3 Assault Carrier
Grasshopper Recon Run
Selects M2HB .50cal Heavy Machine Gun
M1919 Machine Gun Team
M1919 Machine Gun Team
Scout Squad
Bazooka Squad
.30 cal Machine Gun
Mortar Pit
Construct Tank Depot
Grasshopper Recon Run
M4A1 Sherman Medium Tank
sharpshooter
Trivolka
Exerate
thekaelz
0
0
Comments
sign in to comment!
No comments posted yet!